Map: Torches LE

Players

Ganicus

  • Race: Terran Terran
  • Spawn Location: 5:00

Frieren - Winner!

  • Race: Protoss Protoss
  • League: Diamond
  • Spawn Location: 1:00

VOD

Have the link to the VOD?

Description

Time

  • Played on: June 26, 2025, 4:46 p.m.
  • Length: 6:04
Show
View Real Time Build Order
Export as new Build Order

Ganicus Terran 

Build Orders:  

Get SALT Encoding   

  12  0:00  SCV  
  13  0:12  SCV  
  14  0:17  Supply Depot  
  14  0:29  SCV  
  14  0:32  Refinery  
  15  0:42  Barracks  
  15  0:47  SCV  
  15  1:38  SCV  
  15  1:48  Supply Depot  
  15  1:50  SCV  
  16  2:01  Factory  
  16  2:02  SCV  
  17  2:14  SCV  
  17  2:15  Marine  
  19  2:24  Refinery  
  19  2:27  Orbital Command  
  19  2:33  Marine  
  19  2:35  Engineering Bay  
  20  2:48  Starport  
  20  2:49  Factory Tech Lab  
  20  2:54  Marine  
  20  2:58  SCV  
  22  3:10  SCV, Siege Tank  
  22  3:12  Marine  
  27  3:27  Starport Tech Lab  
  27  3:36  SCV  
  28  3:48  SCV  
  29  3:54  Fusion Core  
  29  4:05  Supply Depot  
  29  4:15  Missile Turret  
  29  4:28  Supply Depot  
  29  4:45  Battlecruiser  
  35  5:10  Supply Depot  
Show
View Real Time Build Order
Export as new Build Order

Frieren Protoss - Winner!

Build Orders: 1 Gate Expand, Blink Stalkers 

Get SALT Encoding   

  12  0:00  Probe  
  13  0:12  Probe  
  14  0:17  Pylon  
  14  0:24  Probe  
  15  0:32  Probe  
  15  0:38  Gateway  
  15  0:40  Probe  
  16  0:47  Assimilator  
  17  0:51  Probe  
  18  1:03  Probe  
  19  1:16  Probe  
  20  1:30  Nexus  
  20  1:38  Cybernetics Core  
  20  1:42  Probe  
  21  1:50  Assimilator  
  21  1:54  Probe  
  21  1:56  Pylon  
  22  2:07  Probe  
  23  2:09  Warp Gate  
  23  2:12  Stalker  
  23  2:16  Gateway  
  25  2:30  Probe  
  26  2:38  Stalker  
  26  2:42  Probe  
  29  2:48  Twilight Council  
  29  2:49  Probe  
  30  2:54  Probe  
  30  2:56  Blink  
  31  2:59  Pylon  
  31  3:11  Robotics Facility  
  31  3:18  Gateway  
  31  3:23  Probe  
  32  3:30  Stalker  
  34  3:38  Probe x2  
  36  3:50  Probe  
  36  3:51  Pylon  
  36  3:53  Probe  
  38  3:58  Stalker  
  38  4:02  Probe  
  41  4:06  Warp Prism  
  43  4:17  Stalker  
  43  4:18  Stalker  
  47  4:28  Pylon  
  47  4:31  Stalker  
  49  4:47  Pylon  
  49  4:49  Stalker x2  
  53  4:54  Stalker  
  55  5:00  Forge  
  55  5:04  Observer  
  55  5:05  Probe  
  55  5:06  Probe  
  58  5:18  Probe  
  59  5:21  Nexus  
  59  5:34  Stalker x3  
  63  5:37  Probe  
  64  5:45  Probe  
  64  5:48  Gateway  
  64  5:49  Probe  
  66  5:50  Gateway  
  64  6:00  Stalker x2  
Tags
 
Composition
Blink Stalkers
League
Diamond
Matchup
PvT
Spawn Locations
Close Positions
Add a new tag
Caveats
  • Supply blocks, unpowered buildings, or Contaminate may cause inaccurate times.
  • Supply counts are checked every 10 seconds.